 Dungeon Crawl Stone Soup version 0.20.0-10-g0535bb4 (webtiles) character file.

150 McKennaii the Skirmisher (level 5, 0/42 HPs)
             Began as a Demonspawn Abyssal Knight on June 4, 2017.
             Was a Believer of Lugonu.
             Slain by Sigmund
             ... wielding a +0 scythe
              (11 damage)
             ... on level 3 of the Dungeon.
             The game lasted 00:02:42 (2123 turns).

McKennaii the Skirmisher (DsAK)                     Turns: 2123, Time: 00:02:43

Health: 0/42       AC:  7    Str: 12    XL:     5   Next: 10%
Magic:  6/6        EV: 12    Int: 13    God:    Lugonu [**....]
Gold:   200        SH:  0    Dex: 14    Spells: 4/4 levels left

rFire    . . .     SeeInvis .   a - +1 falchion
rCold    . . .     Gourm    .   (no shield)
rNeg     . . .     Faith    .   b - +0 leather armour
rPois    .         Spirit   .   (helmet restricted)
rElec    .         Reflect  .   n - +0 cloak
rCorr    .         Harm     .   (no gloves)
MR       .....                  l - +0 pair of boots
Stlth    +.........             (no amulet)
Regen    0.2/turn               (no ring)
MPRegen  0.1/turn               (no ring)

@: no status effects
A: horns 2, iridescent scales 1
a: Depart the Abyss, Bend Space, Renounce Religion


You were on level 3 of the Dungeon.
You worshipped Lugonu.
Lugonu was pleased with you.
You were not hungry.

You visited 1 branch of the dungeon, and saw 3 of its levels.
You visited the Abyss 1 time.

You collected 200 gold pieces.

Inventory:

Hand Weapons
 a - a +1 falchion (weapon)
Armour
 b - a +0 leather armour (worn)
 l - a +0 pair of boots (worn)
 n - a +0 cloak (worn)
Wands
 p - a wand of iceblast (12/15)
Scrolls
 g - a scroll of remove curse {unknown}
 h - 2 scrolls of recharging {unknown}
 j - 2 scrolls of teleportation {unknown}
 k - a scroll of amnesia {unknown}
 m - 3 scrolls of identify {unknown}
 q - a scroll of enchant weapon {unknown}
Potions
 d - a potion of lignification {unknown}
 e - 2 potions of ambrosia
 f - a potion of curing {unknown}
 i - 3 potions of mutation {unknown}
 o - 2 potions of flight {unknown}
Comestibles
 c - 4 bread rations


   Skills:
 + Level 4.2 Fighting
 + Level 2.8 Long Blades
 + Level 2.3 Armour
 + Level 1.9 Dodging
 + Level 0.8 Stealth
 + Level 2.6 Invocations


You had 4 spell levels left.
You didn't know any spells.

Dungeon Overview and Level Annotations

Branches:
Dungeon (3/15)

Altars:
Gozag
Qazlal

Annotations:
D:3 Sigmund


Innate Abilities, Weirdness & Mutations

You have a pair of horns on your head.
You are partially covered in iridescent scales. (AC +2)


Message History

The orc hits you with a mace.
In your confused state, you trip and fall back down the stairs.
The orc hits you but does no damage.
Unknown command.
The orc barely misses you. The orc misses you.
Something hits you but does no damage.
In your confused state, you trip and fall back down the stairs.
The orc hits you but does no damage. The orc hits you with a mace.
Unknown command.
Something hits you but does no damage. The orc hits you with a hand axe.
* * * LOW HITPOINT WARNING * * *
The orc barely misses you. The orc hits you but does no damage.
In your confused state, you trip and fall back down the stairs.
* * * LOW HITPOINT WARNING * * *
You feel less confused. The orc barely misses you.
You riposte.
You hit the orc. You headbutt the orc.
You kill the orc!
Lugonu accepts your kill. Something hits you!
You die...

#.#.# #.#.# ####
##.#.##.....
#...........
#.##>##.....
#.#.#.#.####
#{.###..#
.#######o#.#.#.#
.......@o##.##.#
..#####.)......##
####.#.......####
#...............#
......>#..#.#..##.##
..)....#..#........#.
....##.#..#.#........
.### #.#..)........##
. #.#...)......... .


You could see 2 orcs.

Vanquished Creatures
  Natasha (D:3)
  4 gnolls (D:3)
  3 adders (D:2)
  A worm (D:2)
  2 dart slugs
  2 leopard geckos
  2 orcs (D:3)
  4 bats
  2 giant cockroaches
  2 goblins
  6 hobgoblins
  4 jackals (D:2)
  3 quokkas
  2 ball pythons
  4 frilled lizards (D:2)
  5 kobolds
  6 rats
53 creatures vanquished.

Notes
Turn   | Place    | Note
-------+----------+-------------------------------------------
     0 | Abyss:1  | McKennaii the Demonspawn Abyssal Knight began the quest for the Orb.
     0 | Abyss:1  | Reached XP level 1. HP: 18/18 MP: 2/2
    64 | Abyss:2  | Found a corrupted altar of Lugonu.
    86 | Abyss:2  | Noticed a small abomination
    93 | D:1      | Escaped the Abyss
   262 | D:1      | Gained mutation: You are partially covered in iridescent scales. (AC +2) [demonic ancestry]
   262 | D:1      | Reached XP level 2. HP: 18/24 MP: 3/3
   580 | D:2      | Reached * piety under Lugonu
   602 | D:2      | Reached skill level 1 in Dodging
   906 | D:2      | Reached XP level 3. HP: 28/30 MP: 4/4
   991 | D:2      | Found a stormy altar of Qazlal.
  1387 | D:2      | Reached skill level 4 in Fighting
  1433 | D:2      | Gained mutation: You have a pair of small horns on your head. [demonic ancestry]
  1433 | D:2      | Reached XP level 4. HP: 11/37 MP: 5/5
  1671 | D:3      | Reached ** piety under Lugonu
  1857 | D:3      | Found an opulent altar of Gozag.
  1939 | D:3      | Noticed Natasha
  1949 | D:3      | Killed Natasha
  1949 | D:3      | Gained mutation: You have a pair of horns on your head. [demonic ancestry]
  1949 | D:3      | Reached XP level 5. HP: 27/42 MP: 6/6
  2092 | D:3      | Noticed Sigmund
  2123 | D:3      | Slain by Sigmund

Skill      XL: |  1  2  3 |
---------------+----------+-----
Dodging        | 1 |  1.9
Long Blades    | 2 |  2.8
Armour         | 2 |  2.3
Fighting       | 4 |  4.2
Stealth        | |  0.8
Invocations    | |  2.6

Action                   |  1- 3 |  4- 6 || total
-------------------------+-------+-------++-------
Melee: Falchion          |   119 |    62 ||   181
       Headbutt          |       |    12 ||    12
Invok: Depart the Abyss  |     1 |       ||     1
  Use: Potion            |       |     1 ||     1
 Stab: Sleeping          |       |     1 ||     1
  Eat: Chunk             |     2 |     2 ||     4
Armor: Leather armour    |    68 |    53 ||   121
Dodge: Dodged            |    79 |    69 ||   148
       Rpst.: Falchion   |    28 |    28 ||    56
